 Dungeon Crawl Stone Soup version 0.21.1-1-g345015fe64 (webtiles) character file.

2652 Kohma the Quickloader (level 9, -3/57 HPs)
             Began as a Kobold Hunter on June 10, 2018.
             Was a Believer of Okawaru.
             Slain by libidonplus's ghost (4 damage)
             ... on level 8 of the Dungeon.
             The game lasted 00:39:36 (6983 turns).

Kohma the Quickloader (Kobold Hunter)               Turns: 6983, Time: 00:39:37

Health: -3/57      AC:  8    Str: 12    XL:     9   Next: 93%
Magic:  9/9        EV: 20    Int: 12    God:    Okawaru [**....]
Gold:   246        SH:  0    Dex: 16    Spells: 8/8 levels left

rFire    + . .     SeeInvis .   b - +0 hand axe (venom)
rCold    . . .     Gourm    .   (shield restricted)
rNeg     . . .     Faith    .   z - +1 leather armour {rF+}
rPois    +         Spirit   .   s - +0 helmet
rElec    .         Reflect  .   x - +0 cloak
rCorr    .         Harm     .   (no gloves)
MR       .....                  n - +0 pair of boots
Stlth    ++........             i - amulet of regeneration
HPRegen  0.59/turn              E - ring of poison resistance
MPRegen  0.11/turn              p - ring of wizardry

@: very slightly contaminated
A: small, carnivore
a: Heroism, Renounce Religion


You were on level 8 of the Dungeon.
You worshipped Okawaru.
Okawaru was pleased with you.
You were completely stuffed.

You visited 2 branches of the dungeon, and saw 9 of its levels.

You collected 393 gold pieces.
You spent 147 gold pieces at shops.

Inventory:

Hand Weapons
 a - a +4 hand crossbow
 b - a +0 hand axe of venom (weapon)
 q - a +0 dagger of pain
 B - a +0 dagger of venom
Armour
 c - a +3 leather armour
 n - a +0 pair of boots (worn)
 s - a +0 helmet (worn)
 x - a +0 cloak (worn)
 z - a +1 leather armour of fire resistance (worn)
Jewellery
 i - an amulet of regeneration (around neck)
 j - an uncursed ring of ice
 p - a ring of wizardry (right hand)
 E - a ring of poison resistance (left hand)
Wands
 g - a wand of digging (6)
 l - a wand of enslavement (14)
 y - a wand of flame (28)
Scrolls
 d - a scroll of magic mapping
 h - a scroll of amnesia {unknown}
 r - 8 scrolls of remove curse
 C - 4 scrolls of teleportation
 G - a scroll of enchant weapon
 H - a scroll of identify
 L - a scroll of fog {unknown}
Potions
 m - a potion of degeneration {unknown}
 o - 7 potions of curing
 t - 2 potions of heal wounds
 u - a potion of berserk rage {unknown}
 v - a potion of might {unknown}
 w - a potion of ambrosia {unknown}
 A - 2 potions of mutation {unknown}
 D - 2 potions of lignification
 J - 2 potions of haste {unknown}
Books
 F - a book of Conjurations

   Spells                             Type                      Level
   a - Magic Dart                     Conjuration                  1
   b - Searing Ray                    Conjuration                  2
   c - Dazzling Spray                 Conjuration/Hexes            3
   d - Fulminant Prism                Conjuration/Hexes            4
   e - Force Lance                    Conjuration/Translocation    4
   f - Iskenderun's Mystic Blast      Conjuration                  4
 K - a book of Geomancy

   Spells                             Type                      Level
   a - Sandblast                      Earth                        1
   b - Passwall                       Transmutation/Earth          2
   c - Stone Arrow                    Conjuration/Earth            3
   d - Petrify                        Transmutation/Earth          4
   e - Lee's Rapid Deconstruction     Earth                        5
Comestibles
 f - 15 rations
 I - 7 chunks of flesh


   Skills:
 + Level 7.1 Fighting
 + Level 10.0 Crossbows
 * Level 4.5 Armour
 + Level 7.8 Dodging
 - Level 1.3 Stealth


You had 8 spell levels left.
You didn't know any spells.

Dungeon Overview and Level Annotations

Branches:
Dungeon (8/15)             Temple (1/1) D:6
   Lair: D:8-11

Altars:
Ashenzari
Cheibriados
Dithmenos
Elyvilon
Fedhas
Gozag
Hepliaklqana
Kikubaaqudgha
Makhleb
Nemelex Xobeh
Okawaru
Qazlal
Ru
Sif Muna
Trog
Uskayaw
Vehumet
Wu Jian
Xom
Yredelemnul
Zin
The Shining One

Shops:
D:6 *

Annotations:
D:8 libidonplus's ghost, novice HOFi


Innate Abilities, Weirdness & Mutations

You are small and have problems with some larger weapons.
You are carnivorous and can eat meat at any time.


Message History

Libidonplus's ghost is almost destroyed.
Libidonplus's ghost closely misses you.
You barely miss libidonplus's ghost.
Libidonplus's ghost is almost destroyed.
Libidonplus's ghost mumbles, "They all look like pillowcases to me..."
Libidonplus's ghost barely misses you.
You hit libidonplus's ghost but do no damage.
Libidonplus's ghost is severely damaged.
Libidonplus's ghost barely misses you. Libidonplus's ghost hits you!
You hit libidonplus's ghost but do no damage.
Libidonplus's ghost is severely damaged.
Libidonplus's ghost closely misses you.
You hit libidonplus's ghost but do no damage.
Libidonplus's ghost is severely damaged.
Libidonplus's ghost closely misses you.
You hit libidonplus's ghost but do no damage.
Libidonplus's ghost is severely damaged.
Libidonplus's ghost hits you. Libidonplus's ghost hits you!!
* * * LOW HITPOINT WARNING * * *
You die...

. #.# . #.# # #.# #
#.# # # #.########
.## # #........# ...
# ########.# ..
##########.....###.#
......(......(.W@..#
#########......#####
##.........
#.....#### #######


You could see libidonplus's ghost.

Vanquished Creatures
  A spriggan (D:7)
  A shadow (D:7)
  Duvessa (D:5)
  3 orc warriors
  A phantom (D:7)
  2 ogres
  4 bullfrogs
  A wyvern zombie (D:6)
  4 scorpions
  Dowan (D:5)
  5 killer bees (D:7)
  4 crimson imps
  A centaur zombie (D:5)
  Crazy Yiuf (D:2)
  An orc priest (D:5)
  A bullfrog skeleton (D:6)
  A hound (D:8)
  2 iguanas
  8 orc wizards
  3 worker ants
  A killer bee zombie (D:6)
  Robin (D:2)
  3 gnolls (D:3)
  12 adders
  2 shadow imps
  2 oozes
  4 adder skeletons
  2 worms
  A dart slug (D:4)
  4 leopard geckos
  14 orcs
  4 giant cockroaches
  13 goblins
  3 hobgoblins (D:1)
  6 jackals
  3 quokkas
  A ball python (D:7)
  5 bats
  3 frilled lizards
  7 kobolds
  A leopard gecko skeleton (D:4)
  3 leopard gecko zombies
  5 rats
146 creatures vanquished.

Notes
Turn   | Place    | Note
-------+----------+-------------------------------------------
     0 | D:1      | Kohma the Kobold Hunter began the quest for the Orb.
     0 | D:1      | Reached XP level 1. HP: 12/12 MP: 1/1
   189 | D:1      | Reached skill level 5 in Crossbows
   214 | D:1      | Reached XP level 2. HP: 14/18 MP: 2/2
   669 | D:1      | Reached XP level 3. HP: 21/22 MP: 3/3
   911 | D:2      | Noticed Robin
  1071 | D:1      | Reached XP level 4. HP: 12/27 MP: 4/4
  1356 | D:2      | Reached skill level 6 in Crossbows
  1480 | D:2      | Reached XP level 5. HP: 32/32 MP: 5/5
  1572 | D:2      | Found a runed door.
  1576 | D:2      | Noticed Crazy Yiuf
  1581 | D:2      | Killed Crazy Yiuf
  2029 | D:2      | Reached XP level 6. HP: 37/37 MP: 6/6
  2275 | D:2      | Killed Robin
  2623 | D:3      | Reached skill level 7 in Crossbows
  2665 | D:3      | You fall through a shaft!
  2789 | D:5      | Entered Level 5 of the Dungeon
  3203 | D:4      | Reached skill level 1 in Armour
  3435 | D:5      | Noticed Dowan
  3443 | D:5      | Killed Dowan
  3443 | D:5      | Reached XP level 7. HP: 43/43 MP: 7/7
  3467 | D:5      | Noticed Duvessa
  3476 | D:5      | Killed Duvessa
  3809 | D:5      | Noticed a two-headed ogre
  3842 | D:4      | HP: 2/44 [two-headed ogre/giant club (9)]
  4096 | D:5      | Reached skill level 8 in Crossbows
  4096 | D:5      | Reached skill level 5 in Dodging
  4233 | D:6      | Found a staircase to the Ecumenical Temple.
  4242 | D:5      | Reached XP level 8. HP: 48/48 MP: 8/8
  4379 | D:6      | Found Ylybuf's General Store.
  4391 | D:6      | Bought a scroll of enchant weapon for 105 gold pieces
  4391 | D:6      | Bought a scroll of teleportation for 42 gold pieces
  4407 | Temple   | Entered the Ecumenical Temple
  4522 | Temple   | Became a worshipper of Warmaster Okawaru
  4588 | D:6      | Reached skill level 5 in Fighting
  4778 | D:6      | Reached skill level 9 in Crossbows
  4854 | D:6      | Reached * piety under Okawaru
  4976 | D:6      | Found a glowing golden altar of the Shining One.
  5136 | D:7      | Reached XP level 9. HP: 35/54 MP: 9/9
  5280 | D:7      | Reached skill level 10 in Crossbows
  5338 | D:7      | Reached ** piety under Okawaru
  6943 | D:8      | Noticed libidonplus's ghost (novice HOFi)
  6983 | D:8      | HP: 1/57 [libidonplus's ghost (24)]
  6983 | D:8      | Slain by libidonplus's ghost

Skill      XL: |  1  2  3  4  5  6  7  8  9 |
---------------+----------------------------+-----
Crossbows      | 5 6 7 8 9 10 | 10.0
Dodging        | 3 4 5 6 7 |  7.8
Fighting       | 3 4 5 7 |  7.1
Armour         | 1 2 3 4 |  4.5
Stealth        | |  1.3

Action                   |  1- 3 |  4- 6 |  7- 9 || total
-------------------------+-------+-------+-------++-------
Melee: Hand axe          |       |       |    11 ||    11
 Fire: Hand crossbow     |    75 |   127 |   304 ||   506
  Use: Scroll            |     4 |     5 |     7 ||    16
       Potion            |       |       |     2 ||     2
  Eat: Chunk             |     9 |     7 |    11 ||    27
Armor: Leather armour    |     1 |       |    31 ||    32
       Ring mail         |    13 |    22 |     1 ||    36
Dodge: Dodged            |    30 |    50 |   175 ||   255
